 Dungeon Crawl Stone Soup version 0.32-a0-891-gc41d80381e (webtiles) character file.

Game seed: 14284878185391017835

86 Jinxx the Chiller (level 4, -4/32 HPs)
             Began as a Merfolk Ice Elementalist on Apr 3, 2024.
             Slain by Crazy Yiuf
             ... wielding a +4 quarterstaff of chaos
              (5 damage)
             ... on level 2 of the Dungeon.
             The game lasted 00:22:39 (1946 turns).

Jinxx the Chiller (Merfolk Ice Elementalist)        Turns: 1946, Time: 00:22:40

Health: -4/32      AC:  4    Str:  8      XL:     4   Next: 50%
Magic:  2/8        EV: 11    Int: 15 (16) God:
Gold:   106        SH:  0    Dex: 14      Spells: 1/8 levels left

rFire   . . .        t - +0 sling
rCold   + . .        (no shield)
rNeg    . . .        f - +0 leather armour
rPois   .            (no helmet)
rElec   +            (no cloak)
rCorr   .            (no gloves)
SInv    .            l - +0 pair of boots
Will    .....        (no amulet)
Stlth   +            n - ring of protection from cold
HPRegen 0.25/turn    (no ring)
MPRegen 0.11/turn

%: no passive effects
@: confused, mighty, lethally poisoned (-4 -> -7)
A: (nimble swimmer 2), mertail, large bone plates 1, deterioration 1, sense
surroundings 1, electricity resistance
a: no special abilities


You were on level 2 of the Dungeon.
You visited 1 branch of the dungeon, and saw 2 of its levels.

You collected 106 gold pieces.

Inventory:

Hand Weapons
 c - a +0 short sword
 t - a +0 sling (weapon)
Missiles
 i - 30 stones
Armour
 a - a +0 robe
 f - a +0 leather armour (worn)
 g - a +0 ring mail
 l - a +0 pair of boots (worn)
Jewellery
 n - a ring of protection from cold (left hand)
Wands
 r - a wand of flame (18)
Scrolls
 d - 2 scrolls of noise {unknown}
 e - 3 scrolls of identify {unknown}
 j - a scroll of amnesia {unknown}
 p - a scroll of fear {unknown}
 q - a scroll of fog {unknown}
 s - a scroll of torment {unknown}
 u - a scroll of immolation {unknown}
Potions
 b - a potion of magic
 h - a potion of curing {unknown}
 k - a potion of mutation
 m - a potion of brilliance {unknown}
 o - a potion of attraction {unknown}


   Skills:
 + Level 1.0 Fighting
 - Level 0.4 Short Blades
 + Level 0.0 Ranged Weapons
 - Level 0.2 Throwing
 + Level 0.7 Armour
 + Level 3.2 Dodging
 + Level 2.6 Stealth
 * Level 2.7 Spellcasting
 + Level 0.5 Summonings
 * Level 4.8 Ice Magic
 + Level 0.0 Evocations


You had one spell level left.
You knew the following spells:

 Your Spells              Type           Power      Damage    Failure   Level
a - Freeze                Ice            64%        1d7       4%          1
b - Summon Ice Beast      Ice/Summ       10%        N/A       28%         3
c - Frozen Ramparts       Ice            32%        1d5       12%         3

Your spell library contained the following spells:

 Spells                   Type           Power      Damage    Failure   Level
 Ozocubu's Armour         Ice            16%        N/A       12%         3
 Stone Arrow              Conj/Erth      4%         3d7       65%         3
 Animate Armour           Summ/Erth      4%         N/A       95%         4
 Lehudib's Crystal Spear  Conj/Erth      1%         10d2      100%        8


Dungeon Overview and Level Annotations

Branches:
Dungeon (2/15)

Altars:

Shops:
D:2 (

Annotations:
D:2 Crazy Yiuf


Innate Abilities, Weirdness & Mutations

((You are very nimble when in or above water. (Stealth+, EV+, Speed+++)))
Your lower body shifts to a powerful aquatic tail in water.
You are partially covered in large bone plates. (SH +4)
Your body sometimes deteriorates upon taking damage.
You passively map a small area around you.
You are resistant to electric shocks. (rElec)


Message History

Crazy Yiuf hits you with a +4 quarterstaff of chaos!
You are confused.
You feel much better.
Crazy Yiuf hits you with a +4 quarterstaff of chaos!
You're too confused to cast spells.
Non-targeted confused fire: t) +0 sling
Press: ? - help, Q - select action, (/) - cycle Dir - look around, f - activate Look: Crazy Yiuf, wielding a +4 quarterstaff of chaos and wearing a +0 cloak (heavily wounded)
You shoot a sling bullet.
Crazy Yiuf yells, "Peeping toodlewoodle bush!"
Crazy Yiuf hits you with a +4 quarterstaff of chaos.
You are poisoned.
Crazy Yiuf hits you with a +4 quarterstaff of chaos!
* * * LOW HITPOINT WARNING * * *
Crazy Yiuf burns you.
* * * LOW HITPOINT WARNING * * *
You feel much better.
You feel very sick.
Crazy Yiuf hits you with a +4 quarterstaff of chaos!
You feel your power leaking away.
Non-targeted confused fire: t) +0 sling
Press: ? - help, Q - select action, (/) - cycle Dir - look around, f - activate Look: Crazy Yiuf, wielding a +4 quarterstaff of chaos and wearing a +0 cloak (heavily wounded)
You shoot a sling bullet.
You feel sick.
Crazy Yiuf says, "Shadow turtle forty-two!"
Crazy Yiuf hits you with a +4 quarterstaff of chaos!
Crazy Yiuf draws strength from your wounds!
It was a potion of mutation.
You feel extremely strange.
You feel insulated.
You feel a strange attunement to the structure of the dungeons.
You feel yourself wasting away.
Large bone plates grow over parts of your arms.
You feel sick. Crazy Yiuf closely misses you.
You bump into the tree.
You feel sick.
Crazy Yiuf hits you with a +4 quarterstaff of chaos!
* * * LOW HITPOINT WARNING * * *
Your body deteriorates!
You feel dopey. Crazy Yiuf burns you.
You die...

.###.# #.##.# ## #.#
#<##.# ####.####.##.#
#......######
##.###..# ...# #..#
.#.###.)##♣♣ * ###
.#........P♣♣ ♣♣#..)#
.###.#)...PP♣♣♣♣@g...#
.# #.##......♣..♣#...#
####.###....♣.♣♣♣ ###
........##♣♣♣♣♣
####....# # ####.# ###
# #.# #.# # #.#
#####.# # #.#####
#.....#


You could see Crazy Yiuf.

Vanquished Creatures
  An orc priest (D:2)
  A gnoll (D:1)
  3 dart slugs
  A ribbon worm (D:2)
  2 orcs (D:2)
  4 bats
  3 endoplasms
  7 goblins
  A hobgoblin (D:1)
  2 jackals (D:1)
  A quokka (D:1)
  3 ball pythons (D:2)
  3 frilled lizards (D:1)
  4 kobolds
  2 rats (D:2)
38 creatures vanquished.

Vanquished Creatures (collateral kills)
  2 hobgoblins (D:2)
  A rat (D:2)
3 creatures vanquished.

Grand Total: 41 creatures vanquished

Notes
Turn   | Place    | Note
-------+----------+-------------------------------------------
     0 | D:1      | Jinxx the Merfolk Ice Elementalist began the quest for the
                  | Orb.
     0 | D:1      | Reached XP level 1. HP: 13/13 MP: 3/3
   151 | D:1      | Reached XP level 2. HP: 19/19 MP: 0/5
   458 | D:1      | Found a faded altar of an unknown god.
   565 | D:1      | Reached XP level 3. HP: 24/24 MP: 3/6
   965 | D:2      | Learned a level 3 spell: Summon Ice Beast
  1044 | D:2      | Reached XP level 4. HP: 9/31 MP: 2/7
  1048 | D:2      | Learned a level 3 spell: Frozen Ramparts
  1544 | D:2      | Reached skill level 1 in Fighting
  1553 | D:2      | Found a runed translucent door.
  1554 | D:2      | Noticed Crazy Yiuf
  1728 | D:2      | Found Momuwkak's Weapon Shop.
  1945 | D:2      | Gained mutation: You are resistant to electric shocks.
                  | (rElec) [potion of mutation]
  1945 | D:2      | Gained mutation: You passively map a small area around you.
                  | [potion of mutation]
  1945 | D:2      | Gained mutation: Your body sometimes deteriorates upon
                  | taking damage. [potion of mutation]
  1945 | D:2      | Gained mutation: You are partially covered in large bone
                  | plates. (SH +4) [potion of mutation]
  1946 | D:2      | HP: 1/32 [Crazy Yiuf/+4 quarterstaff of chaos (10)]
  1946 | D:2      | Slain by Crazy Yiuf

Illustrated notes

Levels and vault maps discovered:
D:1:      amcnicky_arrival_choice, layout_rooms,
          shapermc_ecumenical_altar_mp_urbaneastern,
          amcnicky_mini_corridor_feature, hex_intersection
D:2:      cheibrodos_pilgrimage, layout_loops_ring, serial_shops,
          nicolae_shop_hallway_stairs, uniq_crazy_yiuf_cottage

Skill      XL: |  1  2  3  4 |
---------------+-------------+-----
Dodging        | 3 |  3.2
Fighting       | 1 |  1.0
Short Blades   | |  0.4
Throwing       | |  0.2
Armour         | |  0.7
Stealth        | |  2.6
Spellcasting   | |  2.7
Summonings     | |  0.5
Ice Magic      | |  4.8

Action                     |  1- 3 |  4- 6 || total
---------------------------+-------+-------++-------
  Melee: Short sword       |    17 |       ||    17
   Fire: Sling             |       |    17 ||    17
  Throw: Stone             |     4 |       ||     4
   Cast: Freeze            |    40 |    19 ||    59
         Summon Ice Beast  |     1 |       ||     1
         Frozen Ramparts   |       |     1 ||     1
    Use: Potion            |     2 |     3 ||     5
 Armour: Robe              |     2 |       ||     2
         Leather armour    |    21 |    14 ||    35
  Dodge: Dodged            |    26 |     6 ||    32

Table legend: (Time is in decaauts)
 A = Elapsed time spent in this place.
 B = Non-inter-level travel time spent in this place.
 C = Inter-level travel time spent in this place.
 D = Time resting spent in this place.
 E = Time spent auto-exploring this place.
 F = Levels seen in this place.
 G = Mean time per level.
                   A        B        C        D        E       F      G
               +--------+--------+--------+--------+--------+-----+--------+
         Total |   1952 |   1940 |     12 |    422 |    900 |   2 |  976.0 |
       Dungeon |   1952 |   1940 |     12 |    422 |    900 |   2 |  976.0 |
               +--------+--------+--------+--------+--------+-----+--------+

Top non-repeatable levels by time:
     D:2: 1053 daAuts
     D:1: 899 daAuts
